 Dungeon Crawl Stone Soup version 0.29.1-14-g9c671dbff4 (webtiles) character file.

Game seed: 15252899268037053023

67 growler the Cutter (level 4, -1/37 HPs)
             Began as a Demonspawn Wanderer on Feb 12, 2023.
             Was a Follower of Makhleb.
             Succumbed to an adder's poison
             ... on level 2 of the Dungeon on Feb 13, 2023.
             The game lasted 00:04:59 (1825 turns).

growler the Cutter (Demonspawn Wanderer)            Turns: 1825, Time: 00:04:59

Health: -1/37      AC:  2    Str: 12    XL:     4   Next: 0%
Magic:  4/4        EV: 10    Int: 10    God:    Makhleb [*.....]
Gold:   112        SH:  5    Dex: 18    Spells: 3/3 levels left

rFire   . . .      SeeInvis .   a - +2 short sword
rCold   . . .      Faith    .   c - +0 buckler
rNeg    . . .      Spirit   .   d - +0 robe
rPois   .          Reflect  .   (no helmet)
rElec   .          Harm     .   (no cloak)
rCorr   .          Rampage  .   (no gloves)
Will    .....                   (no boots)
Stlth   ++........              (no amulet)
HPRegen 0.12/turn               (no ring)
MPRegen 0.09/turn               (no ring)

@: mighty, lethally poisoned (-1 -> -11), flying, hasted, very quick
A: demonic guardian 1, demonic touch 1
a: Renounce Religion


You were on level 2 of the Dungeon.
You worshipped Makhleb.
Makhleb was aware of your devotion.
You visited 1 branch of the dungeon, and saw 2 of its levels.

You collected 112 gold pieces.

Inventory:

Hand Weapons
 a - a +2 short sword (weapon)
Armour
 c - a +0 buckler (worn)
 d - a +0 robe (worn)
Scrolls
 b - 3 scrolls of butterflies
 f - 3 scrolls of teleportation {unknown}
 h - a scroll of identify {unknown}
Potions
 j - a potion of degeneration {unknown}
 k - a potion of attraction {unknown}
 l - a potion of heal wounds {unknown}


   Skills:
 - Level 3.7 Fighting
 + Level 5.0 Short Blades
 - Level 1.0 Stealth
 - Level 1.7 Shields


You had 3 spell levels left.
You didn't know any spells.
Your spell library contained the following spells:

 Spells                   Type           Power      Damage    Failure   Level
 Foxfire                  Conj/Fire      0%         2x1d4     45%         1
 Conjure Flame            Conj/Fire      0%         6-21      83%         3
 Inner Flame              Hex/Fire       0%         N/A       83%         3
 Flame Wave               Conj/Fire      0%         2d4       99%         4


Dungeon Overview and Level Annotations

Branches:
Dungeon (2/15)

Altars:
Makhleb

Shops:
D:1 *


Innate Abilities, Weirdness & Mutations

A weak demonic guardian rushes to your aid.
Your touch may inflict minor irresistible damage on your foes.


Message History

You completely miss the adder. You block the adder's attack.
You hit the adder but do no damage. The adder bites you.
You are poisoned.
The adder poisons you! The adder bites you.
You barely miss the adder.
You feel sick. The adder closely misses you.
You completely miss the adder.
You feel sick. The adder bites you.
You are more poisoned.
The adder poisons you!
You are too injured to fight recklessly!
You are too injured to fight recklessly!
You are too injured to fight recklessly!
Unknown command.
You barely miss the adder.
You feel sick. The adder bites you but does no damage.
You hit the adder.
The adder is lightly wounded.
You feel sick. The adder closely misses you.
You hit the adder.
The adder is moderately wounded.
You feel sick. The adder bites you.
You are more poisoned.
The adder poisons you! The adder bites you.
* * * LOW HITPOINT WARNING * * *
You are lethally poisoned!
The adder poisons you!
It was a potion of haste.
You feel yourself speed up.
* * * LOW HITPOINT WARNING * * *
You feel very sick. You block the adder's attack.
Unknown command.
It was a potion of might.
You feel very mighty all of a sudden.
* * * LOW HITPOINT WARNING * * *
You feel sick. The adder bites you.
* * * LOW HITPOINT WARNING * * *
A demonic guardian appears!
It was a potion of flight.
You feel very buoyant.
You fly up into the air.
You die...

............#.....# #........
..................###....#...
....##############.#.....#...
###.#...# #...........
#.#.#.# ##.####.#... #.'.#.#
#...#.....## #.###'##
#######........# #.##...#
#.S.###........# #.#..#.###
#@#..........# #.#.##...#
#.#..........#
#.#....#'#####5#...###.#.##
#.######....)..#...# .# # #.#
###########.#.# #.#
#........#..#†###.# #.
........##........# ...
#........##.......# ##...
..........##......##.....


You could see an adder (ally target) and a friendly quasit (summoned).

Vanquished Creatures
  2 adders (D:2)
  A worm (D:2)
  2 dart slugs
  7 bats
  7 endoplasms
  A giant cockroach (D:1)
  A goblin (D:2)
  3 hobgoblins
  2 jackals (D:2)
  A quokka (D:2)
  4 ball pythons
  A frilled lizard (D:1)
  5 kobolds
  A rat (D:1)
38 creatures vanquished.

Notes
Turn   | Place    | Note
-------+----------+-------------------------------------------
     0 | D:1      | growler the Demonspawn Wanderer began the quest for the
                  | Orb.
     0 | D:1      | growler set off with the following items: a +2 short sword,
                  | 2 scrolls of butterflies, a +0 buckler, a +0 robe.
     0 | D:1      | Reached XP level 1. HP: 16/16 MP: 1/1
   333 | D:1      | Found a faded altar of an unknown god.
   451 | D:1      | Gained mutation: A weak demonic guardian rushes to your
                  | aid. [demonic ancestry]
   451 | D:1      | Reached XP level 2. HP: 21/23 MP: 2/2
   812 | D:1      | Found Qenucsuy's Assorted Antiques.
  1097 | D:1      | Prayed at the altar of an unknown god.
  1097 | D:1      | Became a worshipper of Makhleb the Destroyer
  1097 | D:1      | Reached * piety under Makhleb
  1202 | D:2      | Gained mutation: Your touch may inflict minor irresistible
                  | damage on your foes. [demonic ancestry]
  1202 | D:2      | Reached XP level 3. HP: 20/29 MP: 3/3
  1801 | D:2      | Reached skill level 5 in Short Blades
  1801 | D:2      | Reached XP level 4. HP: 37/37 MP: 4/4
  1824 | D:2      | HP: 1/37 [adder (4)]
  1825 | D:2      | Succumbed to an adder's poison

Illustrated notes

Levels and vault maps discovered:
D:1:      psy_arrival_fountain, layout_loops_ring, serial_shops, shop_fountains,
          ebering_ecumenical_altar_box, dreamdust_princess_bridge,
          serial_bayou_pond_a
D:2:      minmay_chambers_of_ones, layout_rooms, uniq_jessica

Skill      XL: |  1  2  3 |
---------------+----------+-----
Fighting       | 3 |  3.7
Short Blades   | 5 |  5.0
Stealth        | |  1.0
Shields        | |  1.7

Action                   |  1- 3 |  4- 6 || total
-------------------------+-------+-------++-------
Melee: Short sword       |   122 |    15 ||   137
  Use: Potion            |       |     3 ||     3
 Stab: Sleeping          |     6 |       ||     6
       Distracted        |     1 |       ||     1
Armor: Robe              |    33 |     3 ||    36
Dodge: Dodged            |    65 |     6 ||    71
Block: Buckler           |    35 |     3 ||    38
